 Dungeon Crawl Stone Soup version 0.24-a0-67-ga78bd38 (webtiles) character file.

Game seed: 2209755023023260392

305 Kairos the Cudgeler (level 6, -3/47 HPs)
             Began as a Demonspawn Gladiator on Feb 5, 2019.
             Was an Initiate of Okawaru.
             Slain by Robin
             ... wielding a +3 mace of protection
              (4 damage)
             ... on level 4 of the Dungeon.
             The game lasted 00:04:53 (3070 turns).

Kairos the Cudgeler (Demonspawn Gladiator)          Turns: 3070, Time: 00:04:53

Health: -3/47      AC:  5    Str: 16    XL:     6   Next: 16%
Magic:  15/15      EV: 13    Int:  9    God:    Okawaru [......]
Gold:   165        SH:  0    Dex: 15    Spells: 5/5 levels left

rFire    . . .     SeeInvis .   a - +0 flail
rCold    . . .     Gourm    .   (no shield)
rNeg     . . .     Faith    .   b - +0 leather armour
rPois    .         Spirit   .   c - +0 helmet
rElec    .         Reflect  .   (no cloak)
rCorr    .         Harm     .   t - +0 pair of gloves
MR       .....                  (no boots)
Stlth    ++++......             (no amulet)
HPRegen  0.15/turn              k - ring of magical power
MPRegen  0.14/turn              (no ring)

@: no status effects
A: talons 1, nightstalker 2
a: Renounce Religion


You were on level 4 of the Dungeon.
You worshipped Okawaru.
Okawaru was noncommittal.
You were not hungry.

You visited 1 branch of the dungeon, and saw 4 of its levels.

You collected 165 gold pieces.

Inventory:

Hand Weapons
 a - a +0 flail (weapon)
Missiles
 d - 3 throwing nets (quivered)
Armour
 b - a +0 leather armour (worn)
 c - a +0 helmet (worn)
 t - a +0 pair of gloves (worn)
Jewellery
 k - a ring of magical power (left hand)
Scrolls
 e - a scroll of noise
 g - 3 scrolls of teleportation
 h - a scroll of random uselessness
 l - a scroll of fear {unknown}
 o - 3 scrolls of remove curse {unknown}
 q - a scroll of fog {unknown}
 r - a scroll of blinking {unknown}
 u - a scroll of immolation {unknown}
 v - a scroll of magic mapping {unknown}
Potions
 i - 2 potions of cancellation {unknown}
 j - a potion of heal wounds
 m - a potion of agility {unknown}
 n - a potion of ambrosia {unknown}
 p - a potion of lignification {unknown}
 s - 2 potions of curing {unknown}
Comestibles
 f - 4 rations


   Skills:
 + Level 3.1 Fighting
 + Level 4.6 Maces & Flails
 + Level 1.9 Throwing
 + Level 1.8 Armour
 + Level 3.3 Dodging
 + Level 1.7 Stealth


You had 5 spell levels left.
You didn't know any spells.
Your spell library was empty.

Dungeon Overview and Level Annotations

Branches:
Dungeon (4/15)
 Temple: D:4-7

Altars:
Cheibriados
Nemelex Xobeh
Okawaru
Qazlal
Ru
Trog

Annotations:
D:4 Robin


Innate Abilities, Weirdness & Mutations

You have sharp toenails.
You are significantly more attuned to the shadows.


Message History

You barely miss Robin. Robin barely misses you. The goblin barely misses you.
You barely miss Robin. Robin misses you. The goblin closely misses you.
You closely miss Robin. Your kick misses Robin.
Robin hits you with a +3 mace of protection.
* * * LOW HITPOINT WARNING * * *
The goblin hits you but does no damage.
You hit Robin. Your kick misses Robin.
Robin is moderately wounded.
The goblin hits you.
* * * LOW HITPOINT WARNING * * *
Robin misses you. The goblin closely misses you.
You hit Robin but do no damage. Your kick misses Robin.
Robin is moderately wounded.
Robin hits you with a +3 mace of protection!
* * * LOW HITPOINT WARNING * * *
The goblin barely misses you.
You hit Robin.
Robin is moderately wounded.
Robin hits you with a +3 mace of protection.
You die...

#.....##.#.....#
#..
##...###......##
#.. ##+#
###.#### ##..
#####.# #.# #...
>g..).# #.# #..#
##.## #.# ##..#
##...#####.#
##...#
####.......##g#
#.....
#........g.##@#
#...).
...#(....g##g#
#.....
...#.....l...#
##...#
...(......g####
#####
#####......#
########


You could see Robin and a goblin.

Vanquished Creatures
  2 scorpions (D:4)
  2 orc wizards
  4 adders
  5 worms
  3 leopard geckos (D:4)
  10 orcs
  8 bats
  3 giant cockroaches
  7 hobgoblins
  2 jackals (D:3)
  3 kobolds
  A quokka (D:4)
  A ball python skeleton (D:4)
  7 frilled lizards
  11 goblins
  A quokka skeleton (D:4)
  10 rats
80 creatures vanquished.

Vanquished Creatures (others)
  An orc wizard (D:4)
1 creature vanquished.

Grand Total: 81 creatures vanquished

Notes
Turn   | Place    | Note
-------+----------+-------------------------------------------
     0 | D:1      | Kairos the Demonspawn Gladiator began the quest for the
                  | Orb.
     0 | D:1      | Reached XP level 1. HP: 16/16 MP: 1/1
   240 | D:1      | Gained mutation: You have sharp toenails. [demonic
                  | ancestry]
   240 | D:1      | Reached XP level 2. HP: 18/22 MP: 2/2
   711 | D:2      | Reached skill level 3 in Maces & Flails
   738 | D:2      | Found a snail-covered altar of Cheibriados.
   815 | D:2      | Reached XP level 3. HP: 22/27 MP: 3/3
   818 | D:2      | Found a sparkling altar of Nemelex Xobeh.
  1300 | D:2      | Found an iron altar of Okawaru.
  1328 | D:2      | Became a worshipper of Warmaster Okawaru
  1380 | D:2      | Reached skill level 1 in Armour
  1628 | D:3      | Found a sacrificial altar of Ru.
  1637 | D:3      | Gained mutation: You are slightly more attuned to the
                  | shadows. [demonic ancestry]
  1637 | D:3      | Reached XP level 4. HP: 32/34 MP: 4/4
  2036 | D:3      | Noticed a moth of wrath
  2039 | D:3      | Found a bloodstained altar of Trog.
  2318 | D:4      | Reached skill level 4 in Maces & Flails
  2318 | D:4      | Reached skill level 1 in Stealth
  2318 | D:4      | Gained mutation: You are significantly more attuned to the
                  | shadows. [demonic ancestry]
  2318 | D:4      | Reached XP level 5. HP: 38/40 MP: 5/5
  2338 | D:4      | Found a stormy altar of Qazlal.
  2455 | D:4      | HP: 2/41 [poisoned by an adder]
  2799 | D:4      | Reached XP level 6. HP: 40/47 MP: 6/6
  3031 | D:4      | Noticed Robin
  3069 | D:4      | HP: 1/47 [Robin/+3 mace of protection (7)]
  3070 | D:4      | Slain by Robin

Vault maps used:
D:1:      roderic_chinese_lattice_arrival
D:2:      lemuel_crystal_altar, cheibriados_altar_1,
          minmay_misc_feat_nine_boxes, minivault_11, minmay_misc_feat_alley,
          okawaru_ov_weapons_minmay
D:3:      tgw_trog, nicolae_ru_great_annihilating_truth, first_ration
D:4:      old_standard_altar, ashenzari_altar_1, uniq_pikel, uniq_robin

Skill      XL: |  1  2  3  4  5 |
---------------+----------------+-----
Dodging        | 3 |  3.3
Maces & Flails | 3 4 |  4.6
Armour         | 1 |  1.8
Stealth        | 1 |  1.7
Fighting       | 3 |  3.1
Throwing       | |  1.9

Action                   |  1- 3 |  4- 6 || total
-------------------------+-------+-------++-------
Melee: Flail             |   121 |   130 ||   251
       Kick              |    14 |    36 ||    50
  Use: Scroll            |       |     3 ||     3
       Potion            |       |     1 ||     1
 Stab: Paralysed         |     2 |       ||     2
       Sleeping          |       |     6 ||     6
       Invisible         |       |     1 ||     1
  Eat: Chunk             |     2 |     5 ||     7
Armor: Leather armour    |    36 |    34 ||    70
Dodge: Dodged            |    92 |   110 ||   202

Table legend:
 A = Non-vault XP
 B = Vault XP
 C = Vault XP percentage of total XP
 D = Non-vault monster count
 E = Vault monster count
 F = Vault count percentage of total count
                 A         B        C        D         E       F
            +---------+---------+-------+---------+---------+-------
      Total |     368 |      69 |  15.8 |      68 |      13 |  16.0
            +---------+---------+-------+---------+---------+-------
        D:1 |      24 |       0 |   0.0 |      16 |       0 |   0.0
        D:2 |      43 |       0 |   0.0 |      18 |       0 |   0.0
        D:3 |      36 |      59 |  62.1 |      12 |       8 |  40.0
        D:4 |     265 |      10 |   3.6 |      22 |       5 |  18.5
            +---------+---------+-------+---------+---------+-------
